Cogmind - Beta 12 @@@ ROGUE MODE // 2023.04.26 @ 20:49:40 Player: Mr Goldstein Result: Destroyed by Y-45 Defender with Heavy Assault Rifle Performance ------------- Evolutions (1) 500 Regions Visited (2) 400 Robots Destroyed (1) 5 Value Destroyed (10) 10 Prototype IDs (1) 20 Alien Tech Used (0) 0 Bonus (200) 200 TOTAL SCORE: 1135 Bonus ------- Pacifist 200 Cogmind --------- Core Integrity 0/400 Matter 300/300 Energy 99/100 System Corruption 0% Temperature Cool (9) Movement Core (50) Location -9/Materials Parts ------- > --- POWER (1) -------- (None) > --- PROPULSION (4) --- (None) > --- UTILITY (2) ------ (None) > --- WEAPON (2) ------- (None) > --- INVENTORY (5) ---- Flight Unit Improved Flight Unit Peak State ------------ > --- POWER ------------ (None) > --- PROPULSION ------- Light Treads Light Treads Improved Flight Unit > --- UTILITY ---------- (None) > --- WEAPON ----------- (None) > --- INVENTORY -------- (None) [Rating: 5] Favorites ----------- Power None Propulsion Light Treads Treads Light Treads Flight Unit Improved Flight Unit Utility None Weapon None Build | -11 -10 -9 ------- Run | Jun Mat Mat Slots Evolved 2 | . . 2 Power . | . . . Propulsion 2 | . . 2 Utility . | . . . Weapon . | . . . Parts Attached 5 | 2 2 1 Power . | . . . Engine . | . . . Core . | . . . Reactor . | . . . Propulsion 5 | 2 2 1 Treads 4 | 2 2 . Leg . | . . . Wheel . | . . . Hover . | . . . Flight 1 | . . 1 Utility . | . . . Device . | . . . Storage . | . . . Processor . | . . . Hackware . | . . . Protection . | . . . Artifact . | . . . Weapon . | . . . Energy Gun . | . . . Energy Cannon . | . . . Ballistic Gun . | . . . Ballistic Cannon . | . . . Launcher . | . . . Special Weapon . | . . . Impact Weapon . | . . . Slashing Weapon . | . . . Piercing Weapon . | . . . Special Melee Weapon . | . . . Unidentified Prototypes 1 | . . 1 Parts Lost 2 | . . 2 Power . | . . . Propulsion 2 | . . 2 Utility . | . . . Weapon . | . . . Highest Loss Streak 2 | . . 2 To Critical Strikes . | . . . Average Slot Usage (%) 17 | . 28 13 Treads 16 | . 28 12 Naked Turns 34 | . . 34 Heaviest Build . | . . . Greatest Support 40 | 20 20 40 Greatest Overweight (x) . | . . . Average Overweight (x) . | . . . Largest Inventory Capacity 5 | 5 5 5 Average Capacity 5 | 5 5 5 Most Carried 2 | . . 2 Average Carried . | . . 1 Final Capacity 5 | 5 5 5 Final Carried 2 | . . 2 Class Distribution -------------------- 100% | Mutant Dominant Class ---------------- Mutant | -10/Materials Mutant | -9/Materials Resources | -11 -10 -9 ----------- Run | Jun Mat Mat Matter Collected 214 | 214 . . Remotely . | . . . Salvage Created 18 | . . 18 Parts 1 | . . 1 Haulers Intercepted . | . . . Recyclers Shooed . | . . . Parts Field Recycled . | . . . Retrieved Matter . | . . . Parts Self-Destructed . | . . . Prevented . | . . . Kills | -11 -10 -9 ------- Run | Jun Mat Mat Combat Hostiles Destroyed 1 | . . 1 Melee 1 | . . 1 Classes Destroyed 1 | . . 1 Swarmer 1 | . . 1 Best Kill Streak 1 | . . 1 Combat Bots Only 1 | . . 1 Max Kills in Single Turn 1 | . . 1 Gunslinging . | . . . Exploded . | . . . Melee 1 | . . 1 Uniques/NPCs Destroyed . | . . . Combat | -11 -10 -9 -------- Run | Jun Mat Mat Damage Taken 643 | . . 643 Core 410 | . . 410 Absorbed by Shields . | . . . Core Remaining (%) 100 | 100 100 . Volleys Fired . | . . . Largest . | . . . Hottest . | . . . Shots Fired . | . . . Gun . | . . . Cannon . | . . . Launcher . | . . . Special . | . . . Kinetic . | . . . Thermal . | . . . Explosive . | . . . Electromagnetic . | . . . Robot Hit Streak . | . . . Robot Miss Streak . | . . . Penetration Max . | . . . Secondary Targets . | . . . Shots Hit Robots . | . . . Core Hits 4 | . . 4 Critical Kills . | . . . Critical Parts Destroyed . | . . . Critical Strikes . | . . . Melee Attacks . | . . . Impact . | . . . Slashing . | . . . Piercing . | . . . Sneak Attacks . | . . . Combat Hostiles . | . . . Follow-up Attacks . | . . . Damage Inflicted 41 | . . 41 Guns . | . . . Cannons . | . . . Explosions . | . . . Melee . | . . . Ramming 41 | . . 41 Kinetic . | . . . Thermal . | . . . Explosive . | . . . Electromagnetic . | . . . Impact . | . . . Slashing . | . . . Piercing . | . . . Highest Corruption . | . . . Average Corruption . | . . . Corruption Purged . | . . . Corruption Blocked . | . . . Overload Shots . | . . . Overflow Damage . | . . . Projectiles . | . . . Explosions . | . . . Melee . | . . . Knockbacks . | . . . Impact . | . . . Kinetic . | . . . Secondary . | . . . Self-Inflicted Damage 15 | . . 15 Shots . | . . . Rammed 24 | . . 24 Targets Rammed 25 | . . 25 Kicked . | . . . Crushed 1 | . . 1 Highest Temperature . | . . . Average Temperature . | . . . Received Heat Transfer 81 | . . 81 Siege Activations . | . . . Robots Corrupted . | . . . Combat Hostiles . | . . . Parts Fried . | . . . Impact Corruptions . | . . . Robots Melted . | . . . Combat Hostiles . | . . . Parts Melted . | . . . Heat Transferred . | . . . Parts Sabotaged . | . . . Parts Stolen . | . . . Parts Stripped . | . . . Power Chain Reactions . | . . . Missiles Intercepted . | . . . Alert | -11 -10 -9 ------- Run | Jun Mat Mat Peak Influence 45 | . . 45 Initial . | . . . Average 10 | . . 17 Maximum Alert Level . | . . . Low Security (%) 100 | 100 100 100 Level 1 . | . . . Level 2 . | . . . Level 3 . | . . . Level 4 . | . . . Level 5 . | . . . High Security . | . . . Max Security . | . . . Squads Dispatched . | . . . Investigation . | . . . Extermination . | . . . Reinforcement . | . . . Assault . | . . . Garrison . | . . . Intercept . | . . . Searches Triggered . | . . . Construction Impeded . | . . . Haulers Reinforced . | . . . Active Scanning Responses . | . . . Cargo Convoy Interrupts . | . . . Stealth | -11 -10 -9 --------- Run | Jun Mat Mat Distress Signals . | . . . Communications Jammed . | . . . Distress Signals . | . . . Times Spotted 6 | . . 6 Peak Tracking Total 5 | . . 5 Tactical Retreats 1 | . . 1 Traps | -11 -10 -9 ------- Run | Jun Mat Mat Traps Triggered 1 | . 1 . Indirectly . | . . . Trap Hack Attempts . | . . . Triggered . | . . . Disarmed . | . . . Reprogrammed . | . . . Reused . | . . . Traps Extracted . | . . . Installed . | . . . Triggered . | . . . Machines | -11 -10 -9 ---------- Run | Jun Mat Mat Machines Disabled . | . . . Max in Single Turn . | . . . Machines Repaired . | . . . Machines Sabotaged . | . . . Overloaded Fab Kills . | . . . Hacking | -11 -10 -9 --------- Run | Jun Mat Mat Machines Accessed . | . . . Terminals . | . . . Fabricators . | . . . Repair Stations . | . . . Recycling Units . | . . . Scanalyzers . | . . . Garrison Access . | . . . Total Hacks . | . . . Successful . | . . . Failed . | . . . Catastrophic . | . . . Database Lockouts . | . . . Manual . | . . . Terminals . | . . . Fabricators . | . . . Repair Stations . | . . . Recycling Units . | . . . Scanalyzers . | . . . Garrison Access . | . . . Terminal Hacks . | . . . Fabricator Hacks . | . . . Repair Station Hacks . | . . . Recycling Unit Hacks . | . . . Scanalyzer . | . . . Garrison Access Hacks . | . . . Unauthorized Hacks . | . . . Terminals . | . . . Fabricators . | . . . Repair Stations . | . . . Recycling Units . | . . . Scanalyzers . | . . . Garrison Access . | . . . Data Cores Recovered . | . . . Used . | . . . Hacking Detections . | . . . Full Trace Events . | . . . Feedback Events . | . . . Feedback Blocked . | . . . Robot Schematics Acquired . | . . . Robots Built . | . . . Authchips . | . . . Time . | . . . Total Robot Build Rating . | . . . Part Schematics Acquired . | . . . Parts Built . | . . . Authchips . | . . . Time . | . . . Total Part Build Rating . | . . . Parts Repaired . | . . . Time . | . . . Parts Recycled . | . . . Recycled Matter . | . . . Retrieved Matter . | . . . Retrieved Components . | . . . Parts Scanalyzed . | . . . Part Schematics Acquired . | . . . Parts Damaged . | . . . Bothacking | -11 -10 -9 ------------ Run | Jun Mat Mat Used RIF Installer . | . . . Robots Hacked . | . . . Non-combat . | . . . Combat . | . . . Robot Hacks Applied . | . . . Relay Couplers Released . | . . . Fabnet Peak Effective % . | . . . Robots Rewired . | . . . Allies Hacked . | . . . Hacks Repelled . | . . . Allies | -11 -10 -9 -------- Run | Jun Mat Mat Total Allies . | . . . Largest Group . | . . . Highest-Rated Group . | . . . Highest-Rated Ally . | . . . Total Orders . | . . . Ally Attacks . | . . . Total Damage . | . . . Kills . | . . . Allies Corrupted . | . . . Allies Melted . | . . . Intel | -11 -10 -9 ------- Run | Jun Mat Mat Robot Analysis Total . | . . . Derelict Logs Recovered . | . . . Drone Launches . | . . . Drone Recoveries . | . . . Exploration | -11 -10 -9 ------------- Run | Jun Mat Mat Turns Passed 141 | 22 35 84 Spaces Moved 179 | 32 61 86 Core 172 | 29 60 83 Treads 7 | 3 1 3 Legs . | . . . Wheels . | . . . Hover . | . . . Flight . | . . . Fastest Speed 50 | 50 50 50 Average Speed 54 | 60 51 53 Slowest Speed 160 | 160 160 160 Overloaded Moves . | . . . Propulsion Burnouts . | . . . Robots Hopped . | . . . Cave-ins Triggered . | . . . Exploration Rate (%) 13 | 3 22 14 Regions Visited 2 Branch Regions . Pre-discovered Areas . | . . . Known Exits Taken . | . . . Unknown Exits Taken 2 | 1 1 . Scrap Searched . | . . . Spaces Dug . | . . . Terrain Destroyed . | . . . Melee . | . . . Projectile . | . . . AOE . | . . . Terrain Rammed . | . . . Walls Destroyed . | . . . Machines Disabled . | . . . Actions | -11 -10 -9 --------- Run | Jun Mat Mat Total 209 | 33 62 114 Wait . | . . . Move 177 | 31 60 86 Hop . | . . . Pick Up 1 | . . 1 Fast Attach 5 | 2 2 1 Attach . | . . . Detach 1 | . . 1 Swap . | . . . Drop . | . . . Fire . | . . . Melee . | . . . Ram 9 | . . 9 Kick . | . . . Crush 16 | . . 16 Escape Stasis . | . . . Rewire . | . . . Trap . | . . . Miscellaneous . | . . . Route ------- -11/Junkyard -10/Materials -9/Materials History --------- Turn | Location | Event 2 | -11/Junkyard | Discovered new exit (range 16) 23 | -11/Junkyard | Entered Materials 51 | -10/Materials | Discovered new exit (range 15) 58 | -10/Materials | Entered another Materials area 58 | -9/Materials | Evolved 2 slots: Propulsion x2 114 | -9/Materials | Core integrity fell below 50% 129 | -9/Materials | Core integrity fell below 20% 142 | -9/Materials | Destroyed by Y-45 Defender with Heavy Assault Rifle Last Messages --------------- 00033_ Lgt. Treads severed. 00033_ Acquired Lgt. Treads. 00051_ EXIT=FOUND PARAMETERS=PROPULSION+2 LOCATION=UNKNOWN GOAL=ESCAPE 00069_ Acquired Prototype Flight Unit. 00069_ Identified Imp. Flight Unit. 00072_ Slammed into S-10 Pest. 00076_ Destabilizing: Core damaged (-12). 00077_ Slammed into S-10 Pest. 00093_ Crushed S-10 Pest. 00093_ S-10 Pest destroyed. 00096_ Acquired Flight Unit. 00099_ Slammed into S-10 Pest. 00100_ Lgt. Treads destroyed. 00100_ Slammed into S-10 Pest. 00108_ Lgt. Treads destroyed. 00108_ Slammed into S-10 Pest. 00125_ Critical hit (Burn: +37). Map ----- +----------------------------------------------------+ | | | | | | | | | ?????????????????????????????????????????????????? | | ?????????????????????????????????????????????????? | | ?????????????????????????????????????????????????? | | ?????????????????????????????????????????????????? | | ?????????????????????????????????????????????????? | | ?????????#########???????????????????????????????? | | ??#####? # ???????????????????????????????? | | ??# #? ""# ???????????????????????????????? | | ??# # Y"# ???????????????????????????????? | | ??# # ""# #??????????????????????????????? | | ### + # #??????????????????????????????? | | # # """ # #??????????????????????????????? | | + # """ # #??????????????????????????????? | | # #?""" ?# #??????????????????????????????? | | # #?######?## #######????????????????????????? | | ?# ########## #????????????????????????? | | ?# s s + "??????????????????? | | ### ########## #????????????????????????? | | #????????### #?##+###?????????????????? | | #??????????# ## ##### #?????????? | | #??????????# +?????????? | | #######??????????# @ Y #?????????? | | #?????????????# #?????????? | | #????????????##+####+## ] ##### #?????????? | | #????????????# #######?????????????????? | | #????????????# """"" #???????????????????????? | | #????????????# ""T"" #???????????????????????? | | #????????????# #???????????????????????? | | ####????????????# #???????????????????????? | | ????????????????# #???????????????????????? | | ????????????????# [ #???????????????????????? | | ?????????????????#########???????????????????????? | | ?????????????????????????????????????????????????? | | ?????????????????????????????????????????????????? | | ?????????????????????????????????????????????????? | | ?????????????????????????????????????????????????? | | ?????????????????????????????????????????????????? | | ?????????????????????????????????????????????????? | | ?????????????????????????????????????????????????? | | ?????????????????????????????????????????????????? | | ?????????????????????????????????????????????????? | | ?????????????????????????????????????????????????? | | ?????????????????????????????????????????????????? | | ?????????????????????????????????????????????????? | | ?????????????????????????????????????????????????? | | ?????????????????????????????????????????????????? | +----------------------------------------------------+ Best States ------------- Heat Dissipation 28 Energy Generation 5 Energy Capacity 100 Matter Stores 300 Matter Capacity 300 Sight Range 16 Terrain Scan Density 10 Evasion (%) 50 Recoil Reduction 2 Item Schematics ----------------- None Robot Schematics ------------------ None Fabricated ------------ Nothing Alien Tech Used ----------------- None Achievements -------------- None Challenges ------------ None Game ------ Seed EtherialAssembledBoosters Manual? 0 Play Time 00:02:25 Cumulative 150.0 hours Start 2023.04.26 @ 20:47:31 End 2023.04.26 @ 20:49:40 Sessions 1 Manual Loads 0 Difficulty Rogue Special Mode None Game No. 437 Rogue 437 Adventurer 0 Explorer 0 Win Type - Total 7 Types 6/0/0/1/0/0/0/0/0 Lore% 65 Gallery% 71 Achievement% 61 Wizard Run 0 Options --------- ASCII 0 Keyboard 0 Movement Numpad Keybinds 0 Fullscreen 1 Font 16/SmallcapsGlow Map View 75x55 Tactical HUD 1 Map Filters NONE Filters NONE Steam 1 RUN: 1c8866d3-4a45-4970-b4bd-323b9f3f0d09